TOP OF THE 1ST |
Greensboro Grasshoppers batting - Pitching for Fort Wayne TinCaps : RHP Bill Jacobs
|
Pitching: RHP Bill Jacobs
|
|
Batting: RHB Harrie de Kam
|
0-0: Ball 1-0: Swinging Strike 1-1: Ground out 5-3 (Groundball, 56S, EV 84.4 MPH)
|
Batting: RHB Andy Kelly
|
0-0: Swinging Strike 0-1: Ball 1-1: Ball 2-1: Foul Ball, location: 2F 2-2: Strikes out swinging
|
Batting: LHB Angelo Estrella
|
0-0: Swinging Strike 0-1: Swinging Strike 0-2: Strikes out swinging
|
Top of the 1st over - 0 runs, 0 hits, 0 errors, 0 left on base; Greensboro 0 - Fort Wayne 0 |
BOTTOM OF THE 1ST |
Fort Wayne TinCaps batting - Pitching for Greensboro Grasshoppers : RHP Cory Levine
|
Pitching: RHP Cory Levine
|
|
Batting: SHB Yutaro Takahashi
|
0-0: Ball 1-0: Ball 2-0: Ball 3-0: Base on Balls
|
Batting: RHB Min-chin Yi
|
0-0: Ball 1-0: Ball Yutaro Takahashi steals 2nd base (no throw) 2-0: Called Strike 2-1: Ball Yutaro Takahashi steals 3rd, throwing error, E2 Yutaro Takahashi scores 3-1: TRIPLE (Flyball, 89XD, EV 85.6 MPH)
|
Batting: RHB Danny Loyola
|
0-0: Ground out 2-3 (Groundball, 15S, EV 63.1 MPH)
|
Batting: RHB Alex Vasquez
|
0-0: Ball 1-0: Ball 2-0: Called Strike 2-1: Ball 3-1: Base on Balls
|
Batting: LHB Conor Barron
|
0-0: Called Strike 0-1: Called Strike 0-2: Ball 1-2: Ball 2-2: TRIPLE (Line Drive, 89XD, EV 105.0 MPH) Min-chin Yi scores Alex Vasquez scores
|
Batting: RHB Zachary Sidney
|
0-0: Ball 1-0: Ground out 4-3 (Groundball, 4, EV 95.6 MPH) Conor Barron scores
|
Batting: LHB Ramon Vega
|
0-0: Called Strike 0-1: Ground out 2-3 (Groundball, 13S, EV 73.8 MPH)
|
Bottom of the 1st over - 4 runs, 2 hits, 1 error, 0 left on base; Greensboro 0 - Fort Wayne 4 |
TOP OF THE 2ND |
Greensboro Grasshoppers batting - Pitching for Fort Wayne TinCaps : RHP Bill Jacobs
|
Batting: RHB Larry LeFever
|
0-0: Ball 1-0: Called Strike 1-1: Foul Ball, location: 2F 1-2: Ball 2-2: Ball 3-2: Foul Ball, location: 2F 3-2: Foul Ball, location: 2F 3-2: Strikes out looking
|
Batting: LHB Justin Blakely
|
0-0: Ball 1-0: Foul Ball, location: 2F 1-1: Swinging Strike 1-2: Ball 2-2: Ball 3-2: Base on Balls
|
Batting: LHB Ryan Thompson
|
0-0: Ball 1-0: Ball 2-0: Ball 3-0: Called Strike 3-1: SINGLE (Groundball, 5D, EV 95.6 MPH) Justin Blakely to second
|
Batting: RHB Hiromitsu Yamada
|
0-0: SINGLE (Groundball, 56D, EV 98.8 MPH) Justin Blakely to third Ryan Thompson to second
|
Batting: RHB Chris Riddick
|
0-0: Fielders Choice at 2nd, 5-4 (Groundball, 5, EV 99.4 MPH) Justin Blakely scores Ryan Thompson to third
|
Batting: RHB Jeremy Dennis
|
0-0: Ball 1-0: Foul Ball, location: 2F 1-1: Swinging Strike 1-2: Ball 2-2: Foul Ball, location: 2F 2-2: Strikes out swinging
|
Top of the 2nd over - 1 run, 2 hits, 0 errors, 2 left on base; Greensboro 1 - Fort Wayne 4 |
BOTTOM OF THE 2ND |
Fort Wayne TinCaps batting - Pitching for Greensboro Grasshoppers : RHP Cory Levine
|
Batting: RHB Davey Verhoog
|
0-0: Ball 1-0: Ball 2-0: Swinging Strike 2-1: Foul Ball, location: 2F 2-2: Fly out, F7 (Flyball, 7D, EV 86.9 MPH)
|
Batting: RHB David Reyna
|
0-0: Called Strike 0-1: Ball 1-1: Ball 2-1: Called Strike 2-2: Foul Ball, location: 2F 2-2: Ball 3-2: Base on Balls
|
Batting: SHB Yutaro Takahashi
|
0-0: Ball 1-0: Called Strike 1-1: Ball 2-1: Foul Ball, location: 2F 2-2: Foul Ball, location: 2F 2-2: Foul Ball, location: 2F 2-2: Strikes out swinging
|
Batting: RHB Min-chin Yi
|
0-0: Foul Ball, location: 2F 0-1: Foul Ball, location: 2F 0-2: Foul Ball, location: 2F 0-2: Strikes out looking
|
Bottom of the 2nd over - 0 runs, 0 hits, 0 errors, 1 left on base; Greensboro 1 - Fort Wayne 4 |
TOP OF THE 3RD |
Greensboro Grasshoppers batting - Pitching for Fort Wayne TinCaps : RHP Bill Jacobs
|
Batting: RHB Harrie de Kam
|
0-0: Foul Ball, location: 2F 0-1: Ground out 6-3 (Groundball, 6, EV 78.8 MPH)
|
Batting: RHB Andy Kelly
|
0-0: Foul Ball, location: 2F 0-1: Called Strike 0-2: Foul Ball, location: 2F 0-2: Ball 1-2: Strikes out swinging
|
Batting: LHB Angelo Estrella
|
0-0: Called Strike 0-1: Ball 1-1: Swinging Strike 1-2: Strikes out looking
|
Top of the 3rd over - 0 runs, 0 hits, 0 errors, 0 left on base; Greensboro 1 - Fort Wayne 4 |
BOTTOM OF THE 3RD |
Fort Wayne TinCaps batting - Pitching for Greensboro Grasshoppers : RHP Cory Levine
|
Batting: RHB Danny Loyola
|
0-0: Called Strike 0-1: Ball 1-1: SOLO HOME RUN (Flyball, 7LD, EV 98.8 MPH), Distance : 343 ft
|
Batting: RHB Alex Vasquez
|
0-0: Ball 1-0: Ball 2-0: Ball 3-0: Fly out, F8 (Flyball, 8RM, EV 84.4 MPH)
|
Batting: LHB Conor Barron
|
0-0: Ball 1-0: Ball 2-0: Ball 3-0: Base on Balls
|
Batting: RHB Zachary Sidney
|
0-0: Foul Ball, location: 2F 0-1: Foul Ball, location: 2F 0-2: Ball 1-2: Ball 2-2: Strikes out swinging
|
Batting: LHB Ramon Vega
|
0-0: Foul Ball, location: 2F 0-1: Foul Ball, location: 2F 0-2: Ball 1-2: Ground out U3 (Groundball, 3, EV 81.9 MPH)
|
Bottom of the 3rd over - 1 run, 1 hit, 0 errors, 1 left on base; Greensboro 1 - Fort Wayne 5 |
TOP OF THE 4TH |
Greensboro Grasshoppers batting - Pitching for Fort Wayne TinCaps : RHP Bill Jacobs
|
Batting: RHB Larry LeFever
|
0-0: Fly out, F7 (Flyball, 7S, EV 94.4 MPH)
|
Batting: LHB Justin Blakely
|
0-0: Ball 1-0: Called Strike 1-1: Swinging Strike 1-2: Strikes out swinging
|
Batting: LHB Ryan Thompson
|
0-0: Ball 1-0: Ball 2-0: Foul Ball, location: 2F 2-1: Swinging Strike 2-2: Strikes out looking
|
Top of the 4th over - 0 runs, 0 hits, 0 errors, 0 left on base; Greensboro 1 - Fort Wayne 5 |
BOTTOM OF THE 4TH |
Fort Wayne TinCaps batting - Pitching for Greensboro Grasshoppers : RHP Cory Levine
|
Batting: RHB Davey Verhoog
|
0-0: Ball 1-0: Foul Ball, location: 2F 1-1: Foul Ball, location: 2F 1-2: Strikes out swinging
|
Batting: RHB David Reyna
|
0-0: Ground out 5-3 (Groundball, 56, EV 85.6 MPH)
|
Batting: SHB Yutaro Takahashi
|
0-0: Ball 1-0: DOUBLE (Line Drive, 89M, EV 86.9 MPH)
|
Batting: RHB Min-chin Yi
|
0-0: Ball Yutaro Takahashi steals 3rd base 1-0: Swinging Strike 1-1: Called Strike 1-2: Foul Ball, location: 2F 1-2: Foul Ball, location: 2F 1-2: Strikes out swinging
|
Bottom of the 4th over - 0 runs, 1 hit, 0 errors, 1 left on base; Greensboro 1 - Fort Wayne 5 |
TOP OF THE 5TH |
Greensboro Grasshoppers batting - Pitching for Fort Wayne TinCaps : RHP Bill Jacobs
|
Batting: RHB Hiromitsu Yamada
|
0-0: Foul Ball, location: 2F 0-1: Ball 1-1: Called Strike 1-2: Ball 2-2: Ball 3-2: Strikes out looking
|
Batting: RHB Chris Riddick
|
0-0: SINGLE (Groundball, 56D, EV 99.4 MPH)
|
Batting: RHB Jeremy Dennis
|
0-0: TRIPLE (Flyball, 89XD, EV 105.0 MPH) Chris Riddick scores
|
Batting: RHB Harrie de Kam
|
0-0: Called Strike 0-1: Swinging Strike 0-2: Ball 1-2: Strikes out looking
|
Batting: RHB Andy Kelly
|
0-0: Swinging Strike 0-1: Swinging Strike 0-2: Strikes out looking
|
Top of the 5th over - 1 run, 2 hits, 0 errors, 1 left on base; Greensboro 2 - Fort Wayne 5 |
BOTTOM OF THE 5TH |
Fort Wayne TinCaps batting - Pitching for Greensboro Grasshoppers : RHP Cory Levine
|
Pitching: RHP James Bitner
|
|
Batting: RHB Danny Loyola
|
0-0: Ball 1-0: Foul Ball, location: 2F 1-1: Ball 2-1: Foul Ball, location: 2F 2-2: Ball 3-2: Base on Balls
|
Batting: RHB Alex Vasquez
|
0-0: SINGLE (Groundball, 56D, EV 105.0 MPH) Danny Loyola to second
|
Batting: LHB Conor Barron
|
0-0: Ball 1-0: Ball 2-0: Ball 3-0: Base on Balls Danny Loyola to third Alex Vasquez to second
|
Batting: RHB Zachary Sidney
|
0-0: Foul Ball, location: 2F 0-1: Swinging Strike 0-2: SINGLE (Groundball, 56S, EV 69.4 MPH) (infield hit) Danny Loyola scores Alex Vasquez to third Conor Barron to second
|
Batting: LHB Ramon Vega
|
0-0: Swinging Strike 0-1: SINGLE (Groundball, 6MD, EV 96.2 MPH) Alex Vasquez scores Conor Barron to third Zachary Sidney to second
|
Batting: RHB Davey Verhoog
|
0-0: Ball 1-0: Ball 2-0: Called Strike 2-1: Swinging Strike 2-2: Ball 3-2: Base on Balls Conor Barron scores Zachary Sidney to third Ramon Vega to second
|
Pitching: RHP Mike Yorke
|
|
Batting: RHB David Reyna
|
0-0: Ball 1-0: Called Strike 1-1: Foul Ball, location: 2F 1-2: Ball 2-2: Ball 3-2: Grounds into double play, 1-2-3 (Groundball, 13S, EV 61.2 MPH) Ramon Vega to third Davey Verhoog to second
|
Batting: SHB Yutaro Takahashi
|
0-0: Called Strike 0-1: Swinging Strike 0-2: Strikes out swinging
|
Bottom of the 5th over - 3 runs, 3 hits, 0 errors, 2 left on base; Greensboro 2 - Fort Wayne 8 |
TOP OF THE 6TH |
Greensboro Grasshoppers batting - Pitching for Fort Wayne TinCaps : RHP Bill Jacobs
|
Batting: LHB Angelo Estrella
|
0-0: Swinging Strike 0-1: Ball 1-1: Called Strike 1-2: Ball 2-2: Strikes out swinging
|
Batting: RHB Larry LeFever
|
0-0: Ball 1-0: Swinging Strike 1-1: Called Strike 1-2: Ball 2-2: Ball 3-2: Ground out 5-3 (Groundball, 56S, EV 61.9 MPH)
|
Batting: LHB Justin Blakely
|
0-0: Ball 1-0: Called Strike 1-1: Foul Ball, location: 2F 1-2: Ground out 4-3 (Groundball, 4, EV 81.9 MPH)
|
Top of the 6th over - 0 runs, 0 hits, 0 errors, 0 left on base; Greensboro 2 - Fort Wayne 8 |
BOTTOM OF THE 6TH |
Fort Wayne TinCaps batting - Pitching for Greensboro Grasshoppers : RHP Mike Yorke
|
Batting: RHB Min-chin Yi
|
0-0: Ball 1-0: Called Strike 1-1: Ball 2-1: Ball 3-1: Foul Ball, location: 2F 3-2: Base on Balls
|
Batting: RHB Danny Loyola
|
0-0: 2-RUN HOME RUN (Flyball, 9D, EV 105.0 MPH), Distance : 395 ft
|
Batting: RHB Alex Vasquez
|
0-0: Swinging Strike 0-1: SOLO HOME RUN (Flyball, 7D, EV 96.9 MPH), Distance : 379 ft
|
Pitching: LHP Melvin Castro
|
|
Batting: LHB Conor Barron
|
0-0: Swinging Strike 0-1: Ground out 4-3 (Groundball, 4, EV 96.9 MPH)
|
Batting: RHB Zachary Sidney
|
0-0: Ball 1-0: Swinging Strike 1-1: Called Strike 1-2: Ball 2-2: Strikes out swinging
|
Batting: LHB Ramon Vega
|
0-0: Ball 1-0: Ball 2-0: Foul Ball, location: 2F 2-1: Foul Ball, location: 2F 2-2: Fly out, F8 (Flyball, 8LD, EV 101.9 MPH)
|
Bottom of the 6th over - 3 runs, 2 hits, 0 errors, 0 left on base; Greensboro 2 - Fort Wayne 11 |
TOP OF THE 7TH |
Greensboro Grasshoppers batting - Pitching for Fort Wayne TinCaps : RHP Bill Jacobs
|
Pitching: RHP Guo-quiang Chen
|
|
Batting: LHB Ryan Thompson
|
0-0: Ball 1-0: Foul Ball, location: 2F 1-1: Ground out 4-3 (Groundball, 4D, EV 97.5 MPH)
|
Batting: RHB Hiromitsu Yamada
|
0-0: Swinging Strike 0-1: Ball 1-1: Ball 2-1: Foul Ball, location: 2F 2-2: Strikes out swinging
|
Batting: RHB Chris Riddick
|
0-0: Foul Ball, location: 2F 0-1: Ground out 1-3 (Groundball, 13S, EV 68.1 MPH)
|
Top of the 7th over - 0 runs, 0 hits, 0 errors, 0 left on base; Greensboro 2 - Fort Wayne 11 |
BOTTOM OF THE 7TH |
Fort Wayne TinCaps batting - Pitching for Greensboro Grasshoppers : LHP Melvin Castro
|
Batting: RHB Davey Verhoog
|
0-0: Called Strike 0-1: SOLO HOME RUN (Flyball, 7D, EV 98.1 MPH), Distance : 375 ft
|
Batting: RHB David Reyna
|
0-0: Ground out 6-3 (Groundball, 6, EV 75.6 MPH)
|
Batting: SHB Yutaro Takahashi
|
0-0: Called Strike 0-1: Swinging Strike 0-2: Foul Ball, location: 2F 0-2: Ball 1-2: Ball 2-2: Foul Ball, location: 2F 2-2: Ball 3-2: Foul Ball, location: 2F 3-2: Foul Ball, location: 2F 3-2: SINGLE (Line Drive, 78S, EV 101.9 MPH)
|
Pitching: RHP Dan Durand
|
|
Batting: RHB Min-chin Yi
|
0-0: Ball 1-0: Called Strike 1-1: Foul Ball, location: 2F 1-2: Fly out, F9 (Flyball, 89S, EV 82.5 MPH)
|
Batting: RHB Danny Loyola
|
0-0: Swinging Strike 0-1: Ball 1-1: 2-RUN HOME RUN (Flyball, 78XD, EV 98.8 MPH), Distance : 399 ft
|
Pinch Hitting: RHB Alfredo Lemus
|
0-0: Ball 1-0: Foul Ball, location: 2F 1-1: SINGLE (Groundball, 4MD, EV 108.1 MPH)
|
Batting: LHB Conor Barron
|
0-0: Called Strike 0-1: Ground out U3 (Groundball, 3, EV 81.2 MPH)
|
Bottom of the 7th over - 3 runs, 4 hits, 0 errors, 1 left on base; Greensboro 2 - Fort Wayne 14 |
TOP OF THE 8TH |
Greensboro Grasshoppers batting - Pitching for Fort Wayne TinCaps : RHP Guo-quiang Chen
|
Now at 3B: Alfredo Lemus
|
|
Batting: RHB Jeremy Dennis
|
0-0: Ground out U3 (Groundball, 34S, EV 81.9 MPH)
|
Batting: RHB Harrie de Kam
|
0-0: Called Strike 0-1: Called Strike 0-2: Ball 1-2: Fly out, F7 (Flyball, 7, EV 81.9 MPH)
|
Batting: RHB Andy Kelly
|
0-0: Foul Ball, location: 2F 0-1: Swinging Strike 0-2: Foul Ball, location: 2F 0-2: Fly out, F7 (Flyball, 7S, EV 96.9 MPH)
|
Top of the 8th over - 0 runs, 0 hits, 0 errors, 0 left on base; Greensboro 2 - Fort Wayne 14 |
BOTTOM OF THE 8TH |
Fort Wayne TinCaps batting - Pitching for Greensboro Grasshoppers : RHP Dan Durand
|
Batting: RHB Zachary Sidney
|
0-0: Called Strike 0-1: DOUBLE (Flyball, 9LD, EV 111.2 MPH)
|
Batting: LHB Ramon Vega
|
0-0: Called Strike 0-1: Ball 1-1: Ball 2-1: Foul Ball, location: 2F 2-2: Ground out 2-3 (Groundball, 15S, EV 66.2 MPH) Zachary Sidney to third
|
Pitching: RHP Chris Forster
|
|
Batting: RHB Davey Verhoog
|
0-0: Ball 1-0: Fly out, F8 (Flyball, 8LS, EV 65.6 MPH)
|
Batting: RHB David Reyna
|
0-0: Foul Ball, location: 2F 0-1: Foul Ball, location: 2F 0-2: Ball 1-2: Foul Ball, location: 2F 1-2: Strikes out looking
|
Bottom of the 8th over - 0 runs, 1 hit, 0 errors, 1 left on base; Greensboro 2 - Fort Wayne 14 |
TOP OF THE 9TH |
Greensboro Grasshoppers batting - Pitching for Fort Wayne TinCaps : RHP Guo-quiang Chen
|
Batting: LHB Angelo Estrella
|
0-0: SINGLE (Flyball, 7S, EV 91.2 MPH)
|
Batting: RHB Larry LeFever
|
0-0: Called Strike 0-1: Foul Ball, location: 2F 0-2: Ball 1-2: Ball 2-2: Ball 3-2: Reached on error, E5 (Groundball, 56, EV 101.9 MPH) Angelo Estrella to second
|
Batting: LHB Justin Blakely
|
0-0: Called Strike 0-1: Called Strike 0-2: Ball 1-2: Fly out, F7 (Flyball, 7D, EV 73.8 MPH) Runner from 2nd tags up, SAFE at 3rd, no throw by LF
|
Batting: LHB Ryan Thompson
|
0-0: Called Strike 0-1: Swinging Strike 0-2: Ball 1-2: Ball 2-2: Strikes out swinging
|
Batting: RHB Hiromitsu Yamada
|
0-0: Called Strike 0-1: Ball 1-1: Foul Ball, location: 2F 1-2: Ground out 5-3 (Groundball, 56S, EV 70.0 MPH)
|
Top of the 9th over - 0 runs, 1 hit, 1 error, 2 left on base; Greensboro 2 - Fort Wayne 14 |
|